[Event "Titled Tuesday Blitz August 31 2021"]
[White "Murzin, Volodar"]
[Black "Perez Gormaz, Matias"]
[WhiteFideId "44155573"]
[BlackFideId "3406342"]
[WhiteElo "2541"]
[BlackElo "2352"]
[Result "1-0"]
[Round "05"]
[TimeControl "180+1"]
[Date "2021.08.31"]
[WhiteClock "0:00:05"]
[BlackClock "0:00:05"]

1. e4 c5 2. Nf3 d6 3. Bb5+ Bd7 4. Bxd7+ Qxd7 5. O-O Nc6 6. c3 d5 7. exd5 Qxd5 8. d4 e6 9. dxc5 Qxd1 10. Rxd1 Bxc5 11. Nbd2 Nf6 12. Nc4 Nd5 13. Nfe5 Rc8 14. Nxc6 Rxc6 15. Ne5 Rc8 16. Nd3 Be7 17. Nf4 Nxf4 18. Bxf4 Rd8 19. Be3 b6 20. a4 Bc5 21. Bf4 a5 22. Kf1 Ke7 23. Ke2 f6 24. f3 e5 25. Bg3 Ke6 26. Be1 f5 27. Bh4 Rxd1 28. Rxd1 h6 29. Bd8 Bd6 30. Bxb6 Rb8 31. Bxa5 Rxb2+ 32. Rd2 Rb8 33. Ra2 Kd5 34. Bb4 Bxb4 35. cxb4 Rxb4 36. a5 Rb7 37. a6 Ra7 38. Ra5+ Kd4 39. Ra4+ Kd5 40. Kd3 g5 41. Ra5+ Ke6 42. g4 e4+ 43. Ke3 fxg4 44. fxg4 Kd6 45. Kxe4 Kc6 46. Kf5 Kb6 47. Ra4 Rxa6 48. Rxa6+ Kxa6 1-0


[Site "https://www.chess.com"]

[Event "Titled Tuesday Blitz August 31 2021"]
[White "Najdin, Danil"]
[Black "Harutjunyan, Gevorg"]
[WhiteFideId "4172426"]
[BlackFideId "13300873"]
[WhiteElo "2193"]
[BlackElo "2498"]
[Result "0-1"]
[Round "05"]
[TimeControl "180+1"]
[Date "2021.08.31"]
[WhiteClock "0:00:11"]
[BlackClock "0:00:26"]

1. e4 c6 2. d4 d5 3. exd5 cxd5 4. Bd3 Nf6 5. c3 Bg4 6. Qb3 Qc7 7. h3 Bh5 8. Ne2 Bg6 9. Bf4 Qd7 10. Bxg6 hxg6 11. Nd2 Nc6 12. Nf3 e6 13. Ne5 Nxe5 14. Bxe5 Bd6 15. Bxd6 Qxd6 16. Qxb7 Rb8 17. Qxa7 Rxb2 18. Qa8+ Qd8 19. Qa4+ Nd7 20. Qa3 Qb8 21. O-O-O Rxe2 22. Rd2 Rxd2 23. Kxd2 Nb6 24. Rb1 Nc4+ 25. Ke2 Qxb1 26. Qa8+ Ke7 27. Qxh8 Qe4+ 28. Kf1 Nd2+ 29. Kg1 Qe1+ 30. Kh2 Qxf2 31. Kh1 Qe1+ 32. Kh2 Nf1+ 33. Kg1 Ne3+ 34. Kh2 Qf2 0-1


[Site "https://www.chess.com"]

[Event "Titled Tuesday Blitz August 31 2021"]
[White "Naroditsky, Daniel"]
[Black "Grachev, Boris"]
[WhiteFideId "2026961"]
[BlackFideId "4129199"]
[WhiteElo "2608"]
[BlackElo "2580"]
[Result "1/2-1/2"]
[Round "05"]
[TimeControl "180+1"]
[Date "2021.08.31"]
[WhiteClock "0:00:07"]
[BlackClock "0:00:08"]

1. b3 d5 2. Bb2 Bf5 3. d3 e6 4. Nd2 Nf6 5. g3 h6 6. Bg2 Bh7 7. e4 Be7 8. Qe2 O-O 9. Ngf3 a5 10. a3 c5 11. O-O Nc6 12. Ne5 Nd4 13. Qd1 a4 14. b4 Nc6 15. b5 Nd4 16. exd5 exd5 17. c4 Bd6 18. f4 Re8 19. Bxd4 cxd4 20. Ndf3 dxc4 21. Nxc4 Ng4 22. Nfe5 Ne3 23. Nxe3 dxe3 24. d4 Qb6 25. Kh1 Bxe5 26. fxe5 Rad8 27. Qf3 Qxd4 28. Qxf7+ Kh8 29. Rae1 Qxe5 30. Qxb7 e2 31. Rg1 Rb8 32. Qa6 Qxb5 33. Qxb5 Rxb5 34. Bc6 Be4+ 35. Bxe4 Rxe4 36. Rg2 Rb2 37. Rf2 Re3 38. Kg2 Kh7 39. Rf3 Rxf3 40. Kxf3 Rb3+ 41. Kg2 Rxa3 42. Rxe2 Rb3 43. Re7 a3 44. Ra7 Rb2+ 45. Kh3 a2 46. g4 Kg6 47. Kg3 Kf6 48. Ra5 g5 49. h4 Ke6 50. hxg5 hxg5 51. Kf3 Kd6 52. Ke4 Rf2 53. Ke3 Rc2 54. Ke4 Kc6 55. Ra8 Kb7 56. Ra3 Kb6 57. Kd3 Rg2 58. Ra8 Kc5 59. Kc3 Rg3+ 60. Kb2 Rxg4 61. Kxa2 Kb4 62. Kb2 Rg2+ 63. Kc1 Kc3 64. Kd1 Kd3 65. Ke1 Ke3 66. Kf1 Rc2 67. Ra3+ Kf4 68. Rb3 Rc1+ 69. Kf2 Rc2+ 70. Kf1 Rc4 71. Kf2 g4 72. Kg2 Rc2+ 73. Kg1 Rd2 74. Rc3 Re2 75. Rb3 g3 76. Rb8 Kf3 77. Rf8+ Kg4 78. Rg8+ Kf3 79. Rf8+ Kg4 80. Rg8+ Kf3 81. Rf8+ 1/2-1/2


[Site "https://www.chess.com"]

[Event "Titled Tuesday Blitz August 31 2021"]
[White "Nenezic, Marko"]
[Black "Rustemov, Alexander"]
[WhiteFideId "912123"]
[BlackFideId "4119002"]
[WhiteElo "2438"]
[BlackElo "2758"]
[Result "1-0"]
[Round "05"]
[TimeControl "180+1"]
[Date "2021.08.31"]
[WhiteClock "0:00:12"]
[BlackClock "0:00:01"]

1. d4 d5 2. c4 e6 3. Nf3 Nf6 4. g3 Be7 5. Bg2 O-O 6. O-O c6 7. Qc2 Nbd7 8. Nbd2 b6 9. e4 Bb7 10. e5 Ne8 11. Re1 c5 12. b3 Rc8 13. Bb2 Nc7 14. Rad1 h6 15. Qb1 a6 16. cxd5 Nxd5 17. Ne4 c4 18. Rc1 cxb3 19. axb3 Rxc1 20. Rxc1 Qb8 21. Nfd2 b5 22. Nc5 Nxc5 23. dxc5 Bc6 24. Ne4 Qa8 25. Nd6 Nb4 26. Bxc6 Nxc6 27. Qe4 Rb8 28. Qf3 Rf8 29. h4 Bd8 30. h5 Bc7 31. Re1 b4 32. Bc1 Ne7 33. Qg4 Kh8 34. Qxb4 Qc6 35. Qc4 Nd5 36. Bd2 Kg8 37. Ra1 Ra8 38. b4 Kf8 39. Ra3 Kg8 40. Qa2 a5 41. Ra4 Bxd6 42. exd6 Rc8 43. Rxa5 Nf6 44. Qc4 Qf3 45. Ra1 Qxh5 46. Qh4 Qe5 47. Rb1 Qd5 48. Qf4 Ne4 49. Be3 g5 50. Qf3 Kg7 51. Qd1 Qc6 52. Qd4+ f6 53. b5 1-0


[Site "https://www.chess.com"]

[Event "Titled Tuesday Blitz August 31 2021"]
[White "Njal28"]
[Black "Gutenev, Alexander"]
[BlackFideId "4195540"]
[WhiteElo "2949"]
[BlackElo "2432"]
[Result "0-1"]
[Round "05"]
[TimeControl "180+1"]
[Date "2021.08.31"]
[WhiteClock "0:00:05"]
[BlackClock "0:00:16"]

1. b3 e5 2. Bb2 Nc6 3. c4 g6 4. g3 Bg7 5. Bg2 Nge7 6. Nc3 O-O 7. d3 d6 8. Qd2 Be6 9. h4 h5 10. Nf3 a6 11. Ng5 Bd7 12. e3 Rb8 13. a3 Na5 14. Qc2 Bc6 15. e4 b5 16. b4 Nb7 17. Nd5 Bxd5 18. cxd5 c6 19. Qe2 cxd5 20. exd5 Nf5 21. g4 Nxh4 22. Rxh4 Qxg5 23. Rh2 Qxg4 24. Bf3 Qf4 25. Rh3 e4 26. dxe4 Bxb2 27. Qxb2 Rfe8 28. Kf1 Rbc8 29. Re1 Qe5 30. Qd2 Rc3 31. Re3 Rec8 32. Bxh5 Rc2 33. Qe1 gxh5 34. Reg3+ Kf8 35. Qe3 R8c3 36. Qh6+ Ke7 37. Rxc3 Rxc3 38. Rxc3 Qxc3 39. Qg5+ Kd7 40. Qf5+ Ke7 41. Qg5+ Qf6 42. Qxh5 Qa1+ 43. Kg2 Nd8 44. Qg5+ Qf6 45. Qe3 Kf8 46. Qb6 Qe7 47. f3 f5 48. exf5 Nf7 49. Qxa6 Qe2+ 50. Kg3 Qe5+ 51. Kg2 Qxd5 52. Qc8+ Kg7 53. Qc3+ Qe5 54. Qd3 Kf6 55. Kf2 Qxf5 56. Qd4+ Qe5 57. Qh4+ Ke6 58. Qg4+ Ke7 59. Qg8 Qb2+ 60. Kg3 Qxa3 61. Qg4 Qc3 62. Qe4+ Qe5+ 63. f4 Qxe4 0-1


[Site "https://www.chess.com"]

[Event "Titled Tuesday Blitz August 31 2021"]
[White "Obolentseva, Alexandra"]
[Black "Mortazavi, Ali"]
[WhiteFideId "24153648"]
[BlackFideId "401323"]
[WhiteElo "2113"]
[BlackElo "2339"]
[Result "0-1"]
[Round "05"]
[TimeControl "180+1"]
[Date "2021.08.31"]
[WhiteClock "0:00:21"]
[BlackClock "0:00:16"]

1. d4 Nf6 2. c4 g6 3. Nc3 Bg7 4. Nf3 O-O 5. e4 d6 6. Be2 Bg4 7. O-O Nbd7 8. Be3 e5 9. d5 a5 10. b3 Nh5 11. Rc1 Nf4 12. Bxf4 exf4 13. h3 Bxf3 14. Bxf3 Ne5 15. Be2 b6 16. f3 h5 17. Nb5 Nd7 18. Nd4 Bxd4+ 19. Qxd4 Re8 20. a3 Re5 21. b4 Rg5 22. Qd2 Qf6 23. Rfd1 Rg3 24. Kh2 axb4 25. axb4 Ra3 26. Bf1 Kh7 27. Rc2 Qg5 28. Qf2 Ne5 29. Be2 Qh4 30. Rf1 g5 31. Kh1 g4 32. Qxg3 Qxg3 33. fxg4 f3 34. gxf3 Qxh3+ 35. Kg1 Ng6 36. gxh5 Qg3+ 37. Kh1 Qh3+ 38. Kg1 Nh4 39. Kf2 Qg2+ 40. Ke1 Ra1+ 0-1


[Site "https://www.chess.com"]

[Event "Titled Tuesday Blitz August 31 2021"]
[White "Omariev, Maksim"]
[Black "Leitao, Rafael"]
[WhiteFideId "4193423"]
[BlackFideId "2101246"]
[WhiteElo "2452"]
[BlackElo "2609"]
[Result "0-1"]
[Round "05"]
[TimeControl "180+1"]
[Date "2021.08.31"]
[WhiteClock "0:00:11"]
[BlackClock "0:00:28"]

1. e4 c5 2. Nf3 e6 3. d4 cxd4 4. Nxd4 Nc6 5. Nb5 d6 6. c4 Nf6 7. Bg5 a6 8. Bxf6 gxf6 9. N5c3 Qb6 10. Na4 Qa5+ 11. Nbc3 Bd7 12. a3 Rb8 13. b4 Qe5 14. g3 b5 15. cxb5 axb5 16. f4 Qd4 17. Bxb5 Qe3+ 18. Qe2 Qxe2+ 19. Bxe2 Nd4 20. Bd1 Bg7 21. Kf2 f5 22. Re1 fxe4 23. Rxe4 Bc6 24. Re1 O-O 25. Rc1 Rfc8 26. Nb2 Bb7 27. Bh5 Ra8 28. a4 Nb3 29. Nb5 Rxc1 30. Rxc1 Nxc1 31. Nxd6 Bxb2 32. Nxb7 Rxa4 33. b5 Rb4 34. Nd6 Kf8 35. Nxf7 Rxb5 36. Ng5 Ke7 37. Bf3 Nd3+ 38. Kg2 Ne1+ 39. Kh3 Nxf3 40. Nxf3 Bf6 41. Kg4 h5+ 42. Kh3 Rb3 43. Ne1 Rc3 44. Ng2 Kd6 45. Ne1 Kd5 46. Ng2 Ke4 47. Ne1 Rc1 48. Ng2 Kf3 49. f5 e5 50. Nh4+ Bxh4 51. gxh4 Ke4 52. f6 Rf1 53. f7 Rxf7 54. Kg3 Kd3 55. Kh3 e4 56. Kg3 e3 57. Kh3 e2 58. Kg3 e1=Q+ 59. Kh3 Qe3+ 60. Kg2 Qf3+ 61. Kg1 0-1


[Site "https://www.chess.com"]

[Event "Titled Tuesday Blitz August 31 2021"]
[White "Ovchinnikov, Vsevolod"]
[Black "Tanenbaum, Zachary"]
[WhiteFideId "24176842"]
[BlackFideId "2060850"]
[WhiteElo "2376"]
[BlackElo "2165"]
[Result "1-0"]
[Round "05"]
[TimeControl "180+1"]
[Date "2021.08.31"]
[WhiteClock "0:00:11"]
[BlackClock "0:00:09"]

1. d4 d5 2. c4 dxc4 3. Nf3 a6 4. a4 Nf6 5. e3 e6 6. Bxc4 c5 7. Nc3 Nc6 8. O-O cxd4 9. exd4 Nb4 10. Ne5 Be7 11. Re1 O-O 12. Bg5 Bd7 13. Qb3 Bc6 14. Bxf6 Bxf6 15. Qxb4 Qxd4 16. Nxc6 bxc6 17. Rad1 c5 18. Qb3 Rab8 19. Rxd4 Rxb3 20. Bxb3 cxd4 21. Ne4 Be7 22. Bc4 a5 23. Rd1 e5 24. g4 Rb8 25. b3 Kf8 26. g5 f5 27. gxf6 gxf6 28. Ng3 Ke8 29. Kg2 Kd7 30. Kf3 Bb4 31. Ke4 Ke7 32. Nf5+ Kd7 33. Rg1 Bf8 34. Rg8 Kc7 35. Rh8 Bb4 36. Rxh7+ Kb6 37. Rf7 Rh8 38. Rxf6+ Kc7 39. h4 Be1 40. f3 Bc3 41. Rh6 Rd8 42. Rh7+ Kb6 43. Kd3 Kc5 44. Rc7+ Kb4 45. h5 Rf8 46. Rf7 Rh8 47. h6 Ka3 48. h7 Kb2 49. Nh4 e4+ 50. fxe4 Rd8 51. Ng6 Rd6 52. h8=Q Rxg6 53. Rf2+ Ka3 54. Qf8+ Bb4 55. Qf3 Rg1 56. Rf1 Rg5 57. Kxd4 Bc5+ 58. Kd3 Rg7 59. e5 Rd7+ 60. Ke4 Rd4+ 61. Kf5 Rh4 62. Qg3 Rh8 63. Kg6 Rd8 64. Qe1 Bd4 65. Rf7 Rg8+ 66. Kh7 Rg2 67. Rb7 Rh2+ 68. Kg6 Rg2+ 69. Kf5 Rh2 70. Qc1+ Bb2 71. Qe3 Rg2 72. Ke6 Rg6+ 73. Kf7 Rg2 74. Qc5+ Ka2 75. b4+ Ka1 76. bxa5 Rg3 77. Rxb2 Rf3+ 78. Ke6 Rc3 79. Ra2+ Kb1 80. Qg1+ Rc1 81. Qg6+ Rc2 82. Qxc2# 1-0


[Site "https://www.chess.com"]

[Event "Titled Tuesday Blitz August 31 2021"]
[White "Ozen, Bahadir"]
[Black "Ezat, Mohamed"]
[WhiteFideId "6337058"]
[BlackFideId "10600906"]
[WhiteElo "2503"]
[BlackElo "2414"]
[Result "1/2-1/2"]
[Round "05"]
[TimeControl "180+1"]
[Date "2021.08.31"]
[WhiteClock "0:01:25"]
[BlackClock "0:02:00"]

1. Nf3 Nf6 2. Na3 e5 3. Nxe5 Bxa3 4. bxa3 Qe7 5. Bb2 O-O 6. e3 d6 7. Nf3 Nbd7 8. Be2 Nc5 9. O-O Na4 10. Bd4 Ne4 11. c4 Bd7 12. Rb1 b6 13. Qc2 Nac5 14. d3 Ng5 15. Rfe1 Bc6 16. Nxg5 Qxg5 17. Bf1 Ne6 18. f4 Nxd4 19. exd4 Qxf4 20. Qf2 Qxf2+ 21. Kxf2 Rfe8 22. d5 Ba4 23. d4 Kf8 24. Bd3 g6 25. g4 h6 26. h4 Rxe1 27. Rxe1 Re8 28. Rg1 Kg7 29. Kf3 Bd7 30. Rc1 g5 31. hxg5 hxg5 32. c5 Rh8 33. Kg3 Re8 34. Kf3 Rh8 35. Kg3 Re8 36. Kf3 1/2-1/2


[Site "https://www.chess.com"]

[Event "Titled Tuesday Blitz August 31 2021"]
[White "Papasimakopoulos, Alexandros"]
[Black "Odegov, Artem"]
[WhiteFideId "4244125"]
[BlackFideId "34183644"]
[WhiteElo "2352"]
[BlackElo "2257"]
[Result "1-0"]
[Round "05"]
[TimeControl "180+1"]
[Date "2021.08.31"]
[WhiteClock "0:00:17"]
[BlackClock "0:00:01"]

1. d4 Nf6 2. c4 c5 3. d5 e6 4. Nc3 exd5 5. cxd5 d6 6. Nf3 g6 7. Bf4 Bg7 8. Qa4+ Bd7 9. Qb3 O-O 10. Bxd6 Re8 11. Bxc5 Na6 12. Bd4 Nc7 13. e3 b5 14. Be2 b4 15. Qxb4 Ncxd5 16. Nxd5 Nxd5 17. Qd2 Bf8 18. O-O Qe7 19. Rfc1 Rad8 20. Bxa7 Bf5 21. Bd4 Bh6 22. a4 Nxe3 23. Re1 Ng4 24. Qc3 Rc8 25. Bc4 Qb7 26. Rxe8+ Rxe8 27. a5 Be4 28. a6 Qa8 29. Ne1 Rc8 30. f3 Qb8 31. g3 Bd5 32. a7 Qa8 33. Bxd5 1-0


[Site "https://www.chess.com"]

[Event "Titled Tuesday Blitz August 31 2021"]
[White "Peng, David Yu"]
[Black "Semcesen, Daniel"]
[WhiteFideId "2605376"]
[BlackFideId "1706993"]
[WhiteElo "2166"]
[BlackElo "2505"]
[Result "1/2-1/2"]
[Round "05"]
[TimeControl "180+1"]
[Date "2021.08.31"]
[WhiteClock "0:00:06"]
[BlackClock "0:00:09"]

1. e4 e6 2. d3 d5 3. Qe2 Nf6 4. e5 Nfd7 5. Nf3 c5 6. g3 Nc6 7. h4 b6 8. Bf4 Bb7 9. Bh3 Be7 10. Nbd2 Qc7 11. O-O h6 12. h5 O-O-O 13. c4 Na5 14. cxd5 Bxd5 15. b4 Nb7 16. a4 Kb8 17. a5 cxb4 18. axb6 Nxb6 19. Rfc1 Qd7 20. Be3 Rc8 21. Nc4 Bc5 22. Nxb6 Bxb6 23. Bxb6 Rxc1+ 24. Rxc1 axb6 25. Bg2 Rc8 26. Ra1 b3 27. d4 Bc4 28. Qb2 Qb5 29. Qa3 Na5 30. Nd2 Bd5 31. Qd6+ Kb7 32. Rb1 Bxg2 33. Kxg2 Rc2 34. Qe7+ Ka6 35. Nxb3 Nxb3 36. Qa3+ Na5 37. Rxb5 Kxb5 38. Qd3+ Rc4 39. d5 exd5 40. Qxd5+ Rc5 41. Qd7+ Nc6 42. f4 Kc4 43. Qxf7+ Kc3 44. e6 b5 45. Qxg7+ Kc2 46. e7 Nxe7 47. Qxe7 Rc4 48. Qd6 b4 49. Qxh6 b3 50. Qg6+ Kc1 51. h6 b2 52. h7 Rc2+ 53. Kf3 b1=Q 54. Kg4 Rh2 55. Qc6+ Qc2 56. Qxc2+ Kxc2 57. Kf5 Rxh7 58. g4 Kd3 59. g5 Ke3 60. g6 Rg7 61. Kf6 Rxg6+ 62. Kxg6 Kxf4 1/2-1/2


[Site "https://www.chess.com"]

[Event "Titled Tuesday Blitz August 31 2021"]
[White "Pert, Richard G"]
[Black "Gubanov, Oleg"]
[WhiteFideId "404748"]
[BlackFideId "14115115"]
[WhiteElo "2441"]
[BlackElo "2138"]
[Result "1-0"]
[Round "05"]
[TimeControl "180+1"]
[Date "2021.08.31"]
[WhiteClock "0:01:08"]
[BlackClock "0:01:13"]

1. d4 b5 2. Nf3 Bb7 3. Bg5 h6 4. Bh4 c5 5. d5 Qa5+ 6. Nc3 b4 7. Ne4 f5 8. Ne5 fxe4 9. e3 g5 10. Qh5+ Kd8 11. Nf7+ Kc7 12. Bg3+ d6 13. Nxh8 Nf6 14. Qf7 Na6 15. Bc4 b3+ 16. c3 Nb4 17. O-O Nbxd5 18. axb3 Qb6 19. Ng6 1-0


[Site "https://www.chess.com"]

[Event "Titled Tuesday Blitz August 31 2021"]
[White "Petriashvili, Nikoloz"]
[Black "Pridorozhni, Aleksei"]
[WhiteFideId "13611216"]
[BlackFideId "4127870"]
[WhiteElo "2430"]
[BlackElo "2565"]
[Result "0-1"]
[Round "05"]
[TimeControl "180+1"]
[Date "2021.08.31"]
[WhiteClock "0:00:21"]
[BlackClock "0:01:03"]

1. e4 c5 2. Nf3 e6 3. d4 cxd4 4. Nxd4 Nf6 5. Nc3 Nc6 6. Nxc6 bxc6 7. e5 Nd5 8. Nxd5 cxd5 9. Bd3 Ba6 10. O-O Bxd3 11. Qxd3 d6 12. Bf4 dxe5 13. Bxe5 f6 14. Bg3 Rc8 15. Rac1 Be7 16. c4 dxc4 17. Qxd8+ Bxd8 18. Rfe1 Kf7 19. Re4 Bb6 20. Rexc4 Rxc4 21. Rxc4 e5 22. Kf1 Ke6 23. Ke2 Kd5 24. b3 Re8 25. f3 e4 26. Bf4 g5 27. Bc1 exf3+ 28. Kxf3 h5 29. h3 Re1 30. g4 Rf1+ 31. Ke2 Rf2+ 32. Ke1 hxg4 33. hxg4 Rxa2 34. Kd1 Rg2 35. Ba3 Bd4 36. Be7 Rxg4 37. Ke2 Re4+ 38. Kd3 Re3+ 39. Kd2 Rxe7 0-1


[Site "https://www.chess.com"]

[Event "Titled Tuesday Blitz August 31 2021"]
[White "Polivanov, Anatoliy"]
[Black "Maghsoodloo, Parham"]
[WhiteFideId "14109468"]
[BlackFideId "12539929"]
[WhiteElo "2472"]
[BlackElo "2601"]
[Result "1-0"]
[Round "05"]
[TimeControl "180+1"]
[Date "2021.08.31"]
[WhiteClock "0:00:01"]
[BlackClock "0:00:16"]

1. d4 Nf6 2. Bg5 Ne4 3. Bf4 c5 4. f3 Qa5+ 5. c3 Nf6 6. d5 g6 7. e4 d6 8. Nd2 Bg7 9. Nc4 Qd8 10. a4 O-O 11. Bd3 Na6 12. Ne2 Nc7 13. O-O b6 14. Qd2 Rb8 15. Bh6 a6 16. Bxg7 Kxg7 17. Rae1 b5 18. axb5 axb5 19. Na5 Bd7 20. b4 e6 21. Nf4 exd5 22. exd5 Re8 23. Rxe8 Qxe8 24. Re1 Qf8 25. Bc2 Re8 26. Rxe8 Bxe8 27. bxc5 dxc5 28. d6 Na6 29. Nb7 Bc6 30. Na5 Bd7 31. h4 h5 32. Bb3 Qb8 33. Kh2 Qb6 34. c4 b4 35. Qe3 Qxa5 36. Qe5 Nb8 37. Nxh5+ gxh5 38. Qg5+ Kh7 39. Bc2+ Kh8 40. Qxf6+ Kg8 41. Qg5+ Kf8 42. Qh6+ Kg8 43. Bh7+ 1-0


[Site "https://www.chess.com"]

[Event "Titled Tuesday Blitz August 31 2021"]
[White "Poormosavi, Seyed Kian"]
[Black "Krivonosov, Oleg"]
[WhiteFideId "12585807"]
[BlackFideId "11600349"]
[WhiteElo "2134"]
[BlackElo "2469"]
[Result "1-0"]
[Round "05"]
[TimeControl "180+1"]
[Date "2021.08.31"]
[WhiteClock "0:00:08"]
[BlackClock "0:00:06"]

1. e4 e5 2. Nf3 Nc6 3. c3 Nf6 4. d4 Nxe4 5. Bb5 Nd6 6. Bxc6 dxc6 7. dxe5 Nf5 8. Qe2 Nh4 9. O-O Nxf3+ 10. Qxf3 Qh4 11. Nd2 Bg4 12. Qe3 Be7 13. Ne4 O-O 14. f4 Bf5 15. Ng3 Bd7 16. f5 Qc4 17. Kh1 Bc5 18. Qf3 Rfe8 19. Bf4 Rad8 20. Rae1 Bf8 21. f6 g6 22. Ne4 Bf5 23. b3 Qd3 24. Ng3 Qxf3 25. Rxf3 Be6 26. h3 Rd7 27. h4 h5 28. Ne4 Bd5 29. Rf2 Bxe4 30. Rxe4 Re6 31. Kg1 Kh7 32. Rfe2 Bh6 33. g3 c5 34. Kf2 b6 35. Kf3 a5 36. Ke3 Bf8 37. Rd2 Rxd2 38. Kxd2 Bh6 39. Re3 g5 40. hxg5 Bf8 41. Rd3 Re8 42. Rd7 Kg6 43. Rxc7 Kf5 44. Rxf7 h4 45. gxh4 Kxf4 46. e6 Bd6 47. e7 Kf5 48. Rg7 Ke6 49. Kd3 b5 50. Ke4 c4 51. bxc4 bxc4 52. h5 a4 53. h6 Rh8 54. h7 a3 55. Rg8 1-0


[Site "https://www.chess.com"]

[Event "Titled Tuesday Blitz August 31 2021"]
[White "Postny, Evgeny"]
[Black "Chigaev, Maksim"]
[WhiteFideId "2804344"]
[BlackFideId "4108116"]
[WhiteElo "2521"]
[BlackElo "2579"]
[Result "0-1"]
[Round "05"]
[TimeControl "180+1"]
[Date "2021.08.31"]
[WhiteClock "0:00:05"]
[BlackClock "0:00:12"]

1. d4 g6 2. c4 Bg7 3. Nc3 d6 4. e4 Nc6 5. Be3 e5 6. Nge2 exd4 7. Nxd4 Nge7 8. h4 h5 9. Be2 f5 10. Nxc6 bxc6 11. Bd4 O-O 12. Bxg7 Kxg7 13. Qd4+ Kh7 14. O-O-O c5 15. Qd2 Nc6 16. exf5 Bxf5 17. g4 hxg4 18. h5 g5 19. Bd3 Bxd3 20. Qxd3+ Kh8 21. Qg6 Ne5 22. Qh6+ Kg8 23. Ne4 Rf5 24. Qe6+ Rf7 25. h6 Qe7 26. h7+ Kh8 27. Qxe7 Rxe7 28. Nxg5 Rf8 29. Rh2 Rf5 30. Ne4 Nxc4 31. Ng3 Rff7 32. Rh4 Ne5 33. Rdh1 Rxf2 34. Rh6 Rff7 35. Ne4 Nd3+ 36. Kd2 Rxe4 37. Kxd3 Ree7 38. Rg1 Rxh7 39. Rxh7+ Kxh7 40. Rxg4 Rg7 41. Ra4 c6 42. Ra6 Rc7 43. Kc4 Kg6 44. a3 Kf5 45. b4 cxb4 46. axb4 Ke5 47. b5 c5 48. Rc6 Rb7 49. Rc8 Re7 50. Rd8 Ke6 51. Rh8 Rf7 52. Rh7 Rxh7 0-1


[Site "https://www.chess.com"]

[Event "Titled Tuesday Blitz August 31 2021"]
[White "Pulpan, Jakub"]
[Black "Pichot, Alan"]
[WhiteFideId "302759"]
[BlackFideId "110973"]
[WhiteElo "2443"]
[BlackElo "2622"]
[Result "1/2-1/2"]
[Round "05"]
[TimeControl "180+1"]
[Date "2021.08.31"]
[WhiteClock "0:00:19"]
[BlackClock "0:00:18"]

1. Nc3 c6 2. e4 d5 3. d4 dxe4 4. Nxe4 Nf6 5. Nxf6+ exf6 6. Bd3 Bd6 7. Qh5 g6 8. Qh4 O-O 9. Ne2 Re8 10. O-O Nd7 11. Bf4 Bf8 12. Rfe1 Nb6 13. Rad1 Be6 14. b3 a5 15. a4 Nd5 16. Bd2 f5 17. Bg5 Be7 18. Bxe7 Qxe7 19. Qxe7 Rxe7 20. c4 Nb4 21. Nf4 Rae8 22. Re3 Bd7 23. Rxe7 Rxe7 24. Kf1 Kg7 25. Bb1 Re8 26. Nd3 Na6 27. Re1 Rd8 28. Nf4 Be8 29. d5 Nc5 30. Bc2 cxd5 31. Nxd5 Bc6 32. Ne7 Rd2 33. Nxc6 bxc6 34. Re2 Rd8 35. Re5 Ne6 36. Ke1 c5 37. g3 Kf6 38. f4 h5 39. h4 Rd7 40. Re3 Nd4 41. Bd1 Rd6 42. Re5 Re6 43. Rxe6+ fxe6 44. Kd2 e5 45. Ke3 exf4+ 46. gxf4 Ke6 47. Kd3 Kd6 48. Ke3 Ke6 49. Kd3 Kf6 50. Ke3 Ne6 51. Bf3 Ke7 52. Be2 Kd6 53. Bf3 Kc7 54. Be2 Kd8 55. Bf3 Kd7 56. Be2 Nd4 57. Bd1 Kc6 58. Bf3+ Kd6 59. Bd1 Ke6 1/2-1/2


[Site "https://www.chess.com"]

[Event "Titled Tuesday Blitz August 31 2021"]
[White "Qashashvili, Alexandre"]
[Black "Khusnutdinov, Rustam"]
[WhiteFideId "13600842"]
[BlackFideId "13701703"]
[WhiteElo "2316"]
[BlackElo "2571"]
[Result "0-1"]
[Round "05"]
[TimeControl "180+1"]
[Date "2021.08.31"]
[WhiteClock "0:00:04"]
[BlackClock "0:00:49"]

1. e4 e6 2. d4 d5 3. exd5 exd5 4. Nf3 Nc6 5. Bf4 Bd6 6. Bxd6 Qxd6 7. c3 Nge7 8. Bd3 Bf5 9. O-O O-O-O 10. Bxf5+ Nxf5 11. Re1 f6 12. Qd3 Nce7 13. Qe2 h5 14. Qe6+ Qxe6 15. Rxe6 Kd7 16. Re2 g5 17. Na3 g4 18. Nd2 Nd6 19. Rae1 Nef5 20. Nc2 c6 21. Ne3 Nh4 22. b3 Ng6 23. g3 f5 24. c4 f4 25. Nc2 Rde8 26. Rxe8 Rxe8 27. Rxe8 Nxe8 28. f3 Ke6 29. Kf2 Nf6 30. Ne1 dxc4 31. bxc4 b5 32. d5+ Kd6 33. dxc6 Kxc6 34. cxb5+ Kxb5 35. Nd3 fxg3+ 36. hxg3 Ka4 37. Ne4 Nxe4+ 38. fxe4 Ka3 39. e5 Kxa2 40. e6 a5 41. Nf4 Ne7 42. Ne2 Kb2 43. Ke3 a4 44. Nd4 a3 45. Kd2 a2 46. Nc2 h4 47. gxh4 g3 48. h5 g2 49. h6 g1=Q 50. h7 Qh2+ 51. Kd3 Qxc2+ 52. Kd4 Qxh7 53. Kc5 a1=Q 54. Kd6 Qa3+ 55. Kd7 Nd5+ 56. Ke8 Qa8# 0-1


[Site "https://www.chess.com"]

[Event "Titled Tuesday Blitz August 31 2021"]
[White "Quispe Arteaga, Gabriel"]
[Black "Al-Tarboush, Ward"]
[WhiteFideId "32059809"]
[BlackFideId "7601450"]
[WhiteElo "2172"]
[BlackElo "2319"]
[Result "1-0"]
[Round "05"]
[TimeControl "180+1"]
[Date "2021.08.31"]
[WhiteClock "0:01:11"]
[BlackClock "0:00:01"]

1. c4 c5 2. Nf3 Nc6 3. d4 cxd4 4. Nxd4 Nf6 5. Nc3 e6 6. g3 Qb6 7. Ndb5 Bc5 8. e3 O-O 9. a3 a6 10. Na4 Qa5+ 11. Bd2 axb5 12. Bxa5 bxa4 13. Bc3 Ne4 14. Bd3 Nxc3 15. bxc3 b6 16. O-O Ne5 17. Bxh7+ Kxh7 18. Qh5+ Kg8 19. Qxe5 Bb7 20. Rfd1 Bc6 21. Qf4 f6 22. h4 Rab8 23. h5 e5 24. Qf5 Rfd8 25. h6 Kf7 26. hxg7 Kxg7 27. Rd5 Bxd5 28. cxd5 d6 29. Qg4+ Kf7 30. Qxa4 Rh8 31. Qg4 Rh6 32. Qd7+ Kg6 33. Kg2 Rbh8 34. Qg4+ Kf7 35. Qe6+ Kg6 36. Kf3 Rh5 37. Ke2 Rf5 38. Rh1 Rxh1 39. Qg8+ Kh6 40. Qh8+ Kg6 41. Qxh1 Rh5 42. Qe4+ f5 43. Qc4 e4 44. g4 Rh2 45. gxf5+ Kxf5 46. Qb5 Ke5 47. c4 Rh4 48. Qd7 Kf6 49. Qd8+ 1-0


[Site "https://www.chess.com"]

[Event "Titled Tuesday Blitz August 31 2021"]
[White "Rodriguez Hernandez, Luis Daniel"]
[Black "Gelman, Alexander"]
[WhiteFideId "3506770"]
[BlackFideId "4118316"]
[WhiteElo "2133"]
[BlackElo "2375"]
[Result "1/2-1/2"]
[Round "05"]
[TimeControl "180+1"]
[Date "2021.08.31"]
[WhiteClock "0:00:16"]
[BlackClock "0:00:06"]

1. e4 c5 2. c3 e6 3. d4 d5 4. exd5 exd5 5. Nf3 Nc6 6. Bb5 Nf6 7. O-O Be7 8. dxc5 Bxc5 9. Re1+ Be6 10. Nd4 O-O 11. Bxc6 bxc6 12. Be3 Qd6 13. h3 Rab8 14. b4 Bb6 15. Nd2 Bc7 16. N4f3 Rfe8 17. Bxa7 Ra8 18. Bc5 Qd7 19. Bd4 Bxh3 20. gxh3 Qxh3 21. Rxe8+ Rxe8 22. Qf1 Qh5 23. Qg2 Ng4 24. Re1 Re6 25. a4 h6 26. Rxe6 fxe6 27. a5 e5 28. Bb6 Bb8 29. a6 e4 30. Nd4 e3 31. fxe3 Nxe3 32. Qe2 Qg5+ 33. Kh1 Qh4+ 34. Kg1 Qg3+ 35. Kh1 Qh3+ 36. Kg1 Qg3+ 37. Kh1 Qh3+ 38. Kg1 Qg3+ 1/2-1/2


[Site "https://www.chess.com"]

[Event "Titled Tuesday Blitz August 31 2021"]
[White "Sadhwani, Raunak"]
[Black "Krzywda, Andrzej"]
[WhiteFideId "35093487"]
[BlackFideId "1114565"]
[WhiteElo "2514"]
[BlackElo "2100"]
[Result "1-0"]
[Round "05"]
[TimeControl "180+1"]
[Date "2021.08.31"]
[WhiteClock "0:00:57"]
[BlackClock "0:00:01"]

1. b3 Nf6 2. Bb2 d5 3. Nf3 e6 4. e3 Be7 5. c4 O-O 6. Nc3 b6 7. Be2 Bb7 8. Qc2 c5 9. cxd5 exd5 10. d4 Nbd7 11. O-O Re8 12. Rad1 Bd6 13. Rfe1 Rc8 14. Qb1 Qe7 15. g3 Ne4 16. Bf1 Ndf6 17. Bh3 Nxc3 18. Bxc3 Ne4 19. Bb2 Rcd8 20. dxc5 bxc5 21. Qa1 f6 22. Nh4 g6 23. Bg2 Rf8 24. Nf3 Bc7 25. Nd2 Ba5 26. Nxe4 dxe4 27. Rxd8 Bxd8 28. Bf1 Ba5 29. Bc4+ Kg7 30. Rd1 Rd8 31. h4 h5 32. Kg2 Bc7 33. Bc3 Rxd1 34. Qxd1 Qd6 35. Qa1 a5 36. a4 Bc6 37. Qe1 Qd8 38. Qa1 Bb7 39. Qb2 Bc8 40. Qd2 Qxd2 41. Bxd2 Bg4 42. Bc3 Be5 43. Bxa5 Bf3+ 44. Kg1 g5 45. Bb6 gxh4 46. gxh4 Bd6 47. a5 Bg4 48. a6 Bc8 49. Kg2 f5 50. Bd8 1-0


[Site "https://www.chess.com"]